AoeStats
← filipusis9247

Arena

510615925Analyzed
3v3 RM · 2d ago on Oct 1, 2026· 42m 12s· 6 players
Game mode
Random Map
Map size
Normal (6 player)
Population
200
Speed
Normal
Resources
Standard
Victory
Conquest
Starting age
Dark Age
Ending age
Imperial Age
RankedLock teamsTeams togetherTeam positionsShared explorationLock speedFull tech treeHidden civsTurbo modeCheats
Victory
Defeat
🇦🇷 Bohemians · Argentina
1073
+12
🇦🇷 Hindustanis · Argentina
1052
+13
🇦🇷 Franks · Argentina
1002
+15
🇨🇿 Teutons · Czechia
1048
-15
🇨🇿 Goths · Czechia
970
-13
🇨🇿 Ethiopians · Czechia
959
-12
filipusis9247
10:32 Feudal Age
11:09 Double-Bit Axe
11:08 Horse Collar
16:51 Castle Age
14:47 Stone Mining
15:49 Gold Mining
18:12 Bow Saw
19:20 Heavy Plow
19:31 Loom
30:15 Imperial Age
30:33 Wheelbarrow
32:14 Chemistry
33:16 Stone Shaft Mining
33:43 Two-Man Saw
34:08 Hand Cart
34:49 Bloodlines
35:36 Cavalier
36:31 Forging
36:19 Pikeman
36:54 Halberdier
Tapirocha
11:58 Feudal Age
12:24 Double-Bit Axe
12:55 Horse Collar
17:39 Castle Age
16:22 Stone Mining
18:47 Bow Saw
18:39 Heavy Plow
19:23 Stone Shaft Mining
22:15 Wheelbarrow
21:26 Loom
22:24 Gold Mining
22:31 Murder Holes
24:02 Gold Shaft Mining
23:21 Fletching
23:35 Padded Archer Armor
25:22 Thumb Ring
28:12 Crossbowman
32:04 Imperial Age
31:27 Royal Heirs
35:28 Hand Cart
35:22 Bodkin Arrow
35:42 Leather Archer Armor
LordMilan8577
1:06 Loom
13:21 Feudal Age
14:05 Double-Bit Axe
14:03 Horse Collar
16:42 Wheelbarrow
16:57 Gold Mining
20:27 Castle Age
21:06 Stone Mining
21:43 Squires
22:35 Heavy Plow
23:21 Pikeman
23:24 Man-at-Arms
26:08 Anarchy
28:13 Forging
29:54 Bow Saw
30:48 Hand Cart
31:11 Scale Mail Armor
31:17 Caravan
35:24 Imperial Age
32:43 Town Watch
36:05 Iron Casting
35:35 Scale Barding Armor
35:49 Chain Mail Armor
35:24 Fletching
35:48 Elite Huskarl
38:05 Elite Huskarl
38:48 Elite Skirmisher
40:26 Bodkin Arrow
ferrossi405
2:58 Loom
10:57 Feudal Age
15:00 Castle Age
13:39 Double-Bit Axe
13:36 Horse Collar
19:52 Bow Saw
19:48 Heavy Plow
29:12 Imperial Age
27:17 Ballistics
26:50 Fletching
26:58 Town Watch
28:16 Wheelbarrow
28:01 Bodkin Arrow
28:10 Padded Archer Armor
28:42 Fortified Wall
29:20 Murder Holes
29:53 Town Patrol
31:03 Chemistry
30:37 Bracer
31:00 Conscription
31:17 Thumb Ring
31:50 Leather Archer Armor
31:49 Shatagni
34:43 Two-Man Saw
37:19 Siege Engineers
37:25 Masonry
37:48 Ring Archer Armor
39:10 Forging
39:01 Scale Mail Armor
39:04 Squires
38:49 Arson
40:43 Iron Casting
41:52 Chain Mail Armor
42:10 Grand Trunk Road
42:46 Hoardings
42:28 Gold Mining
Rupi the wise
11:19 Feudal Age
15:17 Castle Age
13:23 Loom
13:33 Double-Bit Axe
14:38 Gold Mining
14:39 Stone Mining
17:28 Wheelbarrow
21:40 Hand Cart
25:14 Gold Shaft Mining
25:37 Husbandry
26:38 Scale Barding Armor
26:44 Forging
32:41 Imperial Age
34:00 Chain Barding Armor
34:15 Iron Casting
33:35 Cavalier
34:31 Fortified Wall
38:04 Plate Barding Armor
38:30 Blast Furnace
38:07 Paladin
elrudy
10:26 Feudal Age
11:49 Loom
14:25 Castle Age
13:58 Double-Bit Axe
13:56 Horse Collar
20:14 Fletching
21:45 Pikeman
24:56 Wheelbarrow
28:48 Imperial Age
27:53 Chemistry
38:44 Town Watch
Connection lost

Rejoining the realm…

Still unreachable

The connection could not be restored.

Session expired

The server has moved on; the page needs a fresh start.